 Dungeon Sprint DCSS version 0.29-a0-356-g7bc237e783 (webtiles) character file.

Game seed: 17726911604053189315

11100000 Zeldest the Axe Maniac (level 27, -22/199 HPs)
             Began as a Tengu Warper on Apr 25, 2022.
             Was the Champion of Makhleb.
             Killed from afar by a dread (34 damage)
             ... with damnation
             ... in the Dungeon (Sprint VIII: "Arena of Blood").
             The game lasted 00:05:13 (111 turns).

Zeldest the Axe Maniac (Tengu Warper)                Turns: 111, Time: 00:05:14

Health: -22/199    AC:  6    Str: 15    XL:     27
Magic:  31/55      EV: 43    Int: 14    God:    Makhleb [******]
Gold:   0          SH:  0    Dex: 24    Spells: 80/80 levels left

rFire   . . .      SeeInvis +   j - +∞ Axe of Woe
rCold   . . .      Faith    .   (shield currently unavailable)
rNeg    . . .      Spirit   .   b - +0 leather armour
rPois   .          Reflect  .   (helmet restricted)
rElec   .          Harm     .   (no cloak)
rCorr   .          Rampage  .   (no gloves)
Will    ++...      NoTele   +   (boots unavailable)
Stlth   +++++++++.              (no amulet)
HPRegen 0.43/turn               c - ring of see invisible
MPRegen 0.34/turn               (no ring)

@: lethally poisoned (-22 -> -62), flying quickly and evasively, quick
A: beak, talons 3, nimble flight
a: Renounce Religion, Minor Destruction, Lesser Servant of Makhleb, Major
Destruction, Greater Servant of Makhleb


You were in the Dungeon.
You worshipped Makhleb.
Makhleb was exalted by your worship.
You visited 1 branch

Inventory:

Hand Weapons
 a - a +0 hand axe
 j - the +∞ Axe of Woe (weapon)
   (You found it in the Dungeon)
Missiles
 d - 7 boomerangs of dispersal (quivered)
Armour
 b - a +0 leather armour (worn)
Jewellery
 c - a ring of see invisible (left hand)
Potions
 g - a potion of haste
 h - 2 potions of magic
 i - a potion of berserk rage


   Skills:
 O Level 27 Fighting
 + Level 25.0(27) Short Blades
 + Level 25.0(27) Long Blades
 O Level 27 Axes
 + Level 25.0(27) Maces & Flails
 + Level 25.0(27) Polearms
 + Level 25.0(27) Staves
 + Level 23.2(27) Slings
 + Level 24.9 Bows
 + Level 24.9 Crossbows
 + Level 24.9(27) Throwing
 O Level 27 Armour
 O Level 27 Dodging
 + Level 25.0 Stealth
 + Level 23.1 Shields
 + Level 24.9 Unarmed Combat
 O Level 27 Spellcasting
 O Level 27 Conjurations
 + Level 18.3 Hexes
 O Level 27 Summonings
 + Level 24.9 Necromancy
 O Level 27 Translocations
 + Level 20.0 Transmutations
 + Level 25.1 Fire Magic
 + Level 21.5 Ice Magic
 O Level 27 Air Magic
 + Level 18.4 Earth Magic
 + Level 23.1 Poison Magic
 O Level 27 Invocations
 + Level 23.2 Evocations


You had 80 spell levels left.
You didn't know any spells.
Your spell library contained the following spells:

 Spells                   Type           Power      Damage    Failure   Level
 Blink                    Tloc           100%       N/A       0%          2
 Gell's Gravitas          Tloc           76%        N/A       0%          3
 Lesser Beckoning         Tloc           76%        N/A       0%          3
 Teleport Other           Tloc           76%        N/A       0%          3
 Manifold Assault         Tloc           76%        N/A       0%          5


Dungeon Overview and Level Annotations

Branches:
Dungeon (1/1)

Altars:
Makhleb


Innate Abilities, Weirdness & Mutations

You have a beak for a mouth.
You have claws for feet.
Your magical nature lets you fly swiftly and evasively.


Message History

A bag of meat and a scourge come into view.
Found a twisted wooden ring.
The bag of meat shouts!
The scourge hisses angrily.
You hear a shout! x7
The dread calls on the powers of darkness!
The scourge convulses!
Your body is wracked with pain!
The bag of meat convulses!
The observer convulses!
The scourge convulses!
You hear a shout!
The scourge throws poison sting at you. The poison arrow hits you!!!
You are poisoned.
* * * LOW HITPOINT WARNING * * *
You feel better.
The scourge appears out of thin air!
A scourge comes into view.
You hear a shout! x5
A bag of meat comes into view. It is wielding a +9 war axe.
You hear a shout!
The scourge throws poison at you. The bolt of poison misses you.
The scourge breathes poison at you. The blast of poison misses you.
You hear a shout!
You aren't carrying any scrolls.
You are engulfed in poison gas.
You are poisoned.
* * * LOW HITPOINT WARNING * * *
You feel very sick.
You hear a shout! x6
The scourge throws poison at you.
The bolt of poison hits the dread.
The dread completely resists.
The bolt of poison hits you!!
You are more poisoned.
* * * LOW HITPOINT WARNING * * *
You hear a shout! x2
The observer pulsates ominously.
The observer gazes at you. The bolt of fire misses you.
You hear a shout! x2
The dread throws damnation at you.
The sphere of damnation explodes!
The damnation engulfs you!!
You die...

....... ......#
........# .......
.....o..=# .....#.
#........# .......
..........# ).....#
#.#.S#....# ##.....
....#○..S.#
.........#○.§.# ..
......#.§☼@.#
.....O......oW☼○☼.#
...#W..#...DS.##§.#
..#..M.#...WG##S†☼#
##....M#...S.#....#
.).o..#....##)....#
)).###....#.S.....#
........#.M.X.....#
..........X....####


You could see an eight-headed meat hydra, an observer (fast, invisible), 5
scourges, a dread, a wretched soul (invisible) and 2 bags of meat.

Vanquished Creatures
  5 hell beasts (D)
  A royal mummy (D)
  A great orb of eyes (D)
  A wraith (D)
  13 vampire knights (D)
  21 ogres (D)
  6 two-headed ogres (D)
  3 liches (D)
  2 hydras (D)
  2 phantoms (D)
  50 orcs (D)
  4 skeletal warriors (D)
109 creatures vanquished.

Vanquished Creatures (others)
  A two-headed ogre (D)
  2 orcs (D)
3 creatures vanquished.

Grand Total: 112 creatures vanquished

Notes
Turn   | Place    | Note
-------+----------+-------------------------------------------
     0 | D        | Found the +∞ Axe of Woe
     0 | D        | Zeldest the Tengu Warper began the quest for the Orb.
     0 | D        | Reached XP level 1. HP: 12/12 MP: 4/4
     1 | D        | Noticed a bag of meat
     2 | D        | Noticed a bag of meat
     3 | D        | Became a worshipper of Makhleb the Destroyer
     3 | D        | Noticed a meat berserker
     3 | D        | Noticed a bag of meat
     4 | D        | Killed a bag of meat
     4 | D        | Noticed a meat berserker
     4 | D        | Noticed a bag of meat
     5 | D        | Reached skill level 10 in Fighting
     5 | D        | Reached skill level 10 in Throwing
     5 | D        | Reached XP level 2. HP: 28/28 MP: 4/13
     5 | D        | Reached XP level 3. HP: 32/32 MP: 4/14
     5 | D        | Reached XP level 4. HP: 37/37 MP: 4/16
     5 | D        | Gained mutation: Your magical nature lets you fly swiftly
                  | and evasively. [Tengu growth]
     5 | D        | Reached XP level 5. HP: 42/42 MP: 4/17
     5 | D        | Reached XP level 6. HP: 48/48 MP: 4/19
     5 | D        | Reached XP level 7. HP: 52/52 MP: 4/20
     5 | D        | Reached XP level 8. HP: 57/57 MP: 4/22
     5 | D        | Reached XP level 9. HP: 62/62 MP: 4/23
     5 | D        | Reached XP level 10. HP: 68/68 MP: 4/24
     5 | D        | Reached XP level 11. HP: 72/72 MP: 4/25
     5 | D        | Noticed a bag of meat
     5 | D        | Noticed a bag of meat
     6 | D        | Noticed a bag of meat
     8 | D        | Noticed a meat berserker
     8 | D        | Noticed a bag of meat
     9 | D        | Killed a bag of meat
     9 | D        | Noticed a bag of meat
     9 | D        | Noticed a bag of meat
     9 | D        | Noticed a bag of meat
    10 | D        | Reached skill level 10 in Spellcasting
    10 | D        | Reached skill level 10 in Translocations
    10 | D        | Reached skill level 5 in Invocations
    10 | D        | Reached XP level 12. HP: 81/81 MP: 4/27
    10 | D        | Killed a meat berserker
    10 | D        | Reached * piety under Makhleb
    10 | D        | Noticed a bag of meat
    11 | D        | Reached XP level 13. HP: 39/89 MP: 5/30
    11 | D        | Killed a meat berserker
    11 | D        | Killed a bag of meat
    11 | D        | Reached ** piety under Makhleb
    11 | D        | Killed a meat berserker
    11 | D        | Noticed a bag of meat
    12 | D        | Reached skill level 15 in Spellcasting
    12 | D        | Reached XP level 14. HP: 77/100 MP: 5/34
    12 | D        | Reached XP level 15. HP: 81/105 MP: 5/35
    12 | D        | Noticed a meat berserker
    12 | D        | Noticed a meat berserker
    13 | D        | Reached *** piety under Makhleb
    14 | D        | Reached skill level 15 in Translocations
    15 | D        | Reached XP level 16. HP: 116/116 MP: 6/38
    15 | D        | Reached **** piety under Makhleb
    16 | D        | Reached skill level 15 in Invocations
    17 | D        | Killed a meat berserker
    17 | D        | Reached ***** piety under Makhleb
    17 | D        | Killed a meat berserker
    18 | D        | Reached XP level 17. HP: 126/126 MP: 6/41
    22 | D        | Noticed a large bag of meat
    23 | D        | Noticed a large bag of meat
    25 | D        | Reached XP level 18. HP: 135/135 MP: 8/43
    25 | D        | Noticed a large bag of meat
    25 | D        | Noticed a large bag of meat
    28 | D        | Noticed an eight-headed meat hydra
    29 | D        | Reached ****** piety under Makhleb
    30 | D        | Noticed a sculptor of flesh
    31 | D        | Killed a large bag of meat
    32 | D        | Killed a large bag of meat
    32 | D        | Noticed a destroyer
    32 | D        | Noticed a meat berserker
    33 | D        | Noticed a meat berserker
    33 | D        | Noticed a meat berserker
    34 | D        | Noticed a destroyer
    35 | D        | Noticed a sculptor of flesh
    35 | D        | Noticed a destroyer
    35 | D        | Killed a destroyer
    35 | D        | Noticed a destroyer
    35 | D        | Noticed a sculptor of flesh
    36 | D        | Reached XP level 19. HP: 57/145 MP: 10/47
    36 | D        | Killed a sculptor of flesh
    36 | D        | Killed a large bag of meat
    36 | D        | Noticed a destroyer
    36 | D        | Killed a large bag of meat
    37 | D        | Reached skill level 27 in Axes
    37 | D        | Reached skill level 27 in Armour
    37 | D        | Reached skill level 27 in Dodging
    37 | D        | Killed a destroyer
    37 | D        | Noticed a meat berserker
    38 | D        | Noticed a meat berserker
    38 | D        | Noticed a destroyer
    38 | D        | Noticed a large bag of meat
    38 | D        | Noticed a destroyer
    38 | D        | Noticed a meat berserker
    38 | D        | Noticed a meat berserker
    38 | D        | Noticed a meat berserker
    38 | D        | Noticed a destroyer
    38 | D        | Noticed a destroyer
    38 | D        | Noticed a destroyer
    38 | D        | Noticed a destroyer
    38 | D        | Noticed a large bag of meat
    39 | D        | Noticed a meat berserker
    39 | D        | Noticed a sculptor of flesh
    40 | D        | Killed a meat berserker
    40 | D        | Killed a destroyer
    40 | D        | Noticed an eight-headed meat hydra
    41 | D        | Reached skill level 27 in Fighting
    41 | D        | Reached skill level 27 in Spellcasting
    41 | D        | Reached XP level 20. HP: 75/157 MP: 11/52
    41 | D        | Killed a destroyer
    41 | D        | Killed a destroyer
    41 | D        | Noticed a meat berserker
    42 | D        | Reached skill level 27 in Translocations
    42 | D        | Reached skill level 27 in Invocations
    42 | D        | Reached skill level 5 in Conjurations
    42 | D        | Reached skill level 5 in Air Magic
    42 | D        | Killed a meat berserker
    42 | D        | Killed a destroyer
    43 | D        | Reached skill level 5 in Hexes
    43 | D        | Reached skill level 5 in Transmutations
    43 | D        | Reached skill level 5 in Earth Magic
    43 | D        | Reached XP level 21. HP: 163/163 MP: 12/53
    43 | D        | Killed a meat berserker
    43 | D        | Killed a meat berserker
    43 | D        | Noticed a meat berserker
    44 | D        | Reached skill level 10 in Conjurations
    44 | D        | Reached skill level 10 in Air Magic
    44 | D        | Killed a meat berserker
    44 | D        | Noticed a destroyer
    45 | D        | Killed a meat berserker
    46 | D        | Reached skill level 10 in Summonings
    46 | D        | Reached XP level 22. HP: 86/169 MP: 13/54
    48 | D        | Killed a destroyer
    49 | D        | Reached skill level 10 in Short Blades
    49 | D        | Reached skill level 10 in Long Blades
    49 | D        | Reached skill level 10 in Maces & Flails
    49 | D        | Reached skill level 10 in Polearms
    49 | D        | Reached skill level 10 in Staves
    49 | D        | Reached skill level 10 in Bows
    49 | D        | Reached skill level 10 in Crossbows
    49 | D        | Reached skill level 10 in Stealth
    49 | D        | Reached skill level 10 in Unarmed Combat
    49 | D        | Reached skill level 10 in Necromancy
    49 | D        | Reached skill level 10 in Fire Magic
    52 | D        | Reached skill level 10 in Slings
    52 | D        | Reached skill level 10 in Shields
    52 | D        | Reached skill level 10 in Poison Magic
    52 | D        | Reached skill level 10 in Evocations
    52 | D        | Killed a destroyer
    53 | D        | Noticed a tyrant
    54 | D        | Reached skill level 10 in Ice Magic
    57 | D        | Reached skill level 15 in Throwing
    57 | D        | Killed a destroyer
    57 | D        | Killed a large bag of meat
    57 | D        | Noticed a tyrant
    57 | D        | Noticed a destroyer
    58 | D        | Reached skill level 10 in Transmutations
    58 | D        | Reached XP level 23. HP: 119/175 MP: 16/55
    60 | D        | Reached skill level 10 in Hexes
    60 | D        | Reached skill level 15 in Summonings
    60 | D        | Reached skill level 10 in Earth Magic
    62 | D        | Noticed a large bag of meat
    65 | D        | Noticed a meat beast
    65 | D        | Killed a destroyer
    65 | D        | Killed a destroyer
    66 | D        | Reached skill level 15 in Short Blades
    66 | D        | Reached skill level 15 in Long Blades
    66 | D        | Reached skill level 15 in Maces & Flails
    66 | D        | Reached skill level 15 in Polearms
    66 | D        | Reached skill level 15 in Staves
    66 | D        | Reached skill level 15 in Bows
    66 | D        | Reached skill level 15 in Crossbows
    66 | D        | Reached skill level 15 in Stealth
    66 | D        | Reached skill level 15 in Unarmed Combat
    66 | D        | Reached skill level 15 in Necromancy
    66 | D        | Reached skill level 15 in Fire Magic
    66 | D        | Reached XP level 24. HP: 122/181 MP: 18/55
    66 | D        | Noticed an accursed
    66 | D        | Noticed a meat beast
    68 | D        | Killed a large bag of meat
    68 | D        | Killed a meat beast
    69 | D        | Reached skill level 15 in Slings
    69 | D        | Reached skill level 15 in Shields
    69 | D        | Reached skill level 15 in Poison Magic
    69 | D        | Reached skill level 15 in Evocations
    69 | D        | Killed a destroyer
    69 | D        | Killed a meat beast
    70 | D        | Reached skill level 15 in Ice Magic
    70 | D        | Reached XP level 25. HP: 149/187 MP: 19/55
    70 | D        | Killed a large bag of meat
    70 | D        | Noticed a meat beast
    72 | D        | Noticed a dread
    73 | D        | Noticed a meat beast
    74 | D        | Noticed a meat beast
    74 | D        | Killed a tyrant
    75 | D        | Killed a dread
    75 | D        | Killed a meat beast
    76 | D        | Reached XP level 26. HP: 193/193 MP: 20/55
    76 | D        | Killed a meat beast
    77 | D        | Reached skill level 15 in Hexes
    77 | D        | Reached skill level 15 in Earth Magic
    78 | D        | Killed a meat beast
    79 | D        | Reached XP level 27. HP: 199/199 MP: 21/55
    81 | D        | Killed a destroyer
    83 | D        | Killed an accursed
    87 | D        | Killed a tyrant
    88 | D        | Reached skill level 27 in Conjurations
    88 | D        | Reached skill level 27 in Air Magic
    88 | D        | Noticed a tyrant
    91 | D        | Noticed a tyrant
    92 | D        | Killed a tyrant
    99 | D        | Noticed an accursed
   107 | D        | Noticed a dread
   109 | D        | Reached skill level 27 in Summonings
   111 | D        | Killed from afar by a dread

Illustrated notes

Levels and vault maps discovered:
D:        meatsprint

Skill      XL: |  1  2  3  4  5  6  7  8  9 10 11 12 13 14 15 16 17 18 19 20 21 22 23 24 25 26 27 |
---------------+----------------------------------------------------------------------------------+-----
Fighting       | 10 11 13 16 18 21 22 24 27 | 27.0
Axes           | 11 12 14 17 20 22 24 26 27 | 27.0
Throwing       | 10 12 13 15 17 19 20 22 24 | 24.9
Armour         | 11 12 14 17 20 22 24 26 27 | 27.0
Dodging        | 11 12 14 17 20 22 24 26 27 | 27.0
Spellcasting   | 9 10 12 15 17 19 20 23 27 | 27.0
Translocations | 8 10 11 14 15 18 19 21 25 27 | 27.0
Invocations    | 5 8 12 14 17 19 21 26 27 | 27.0
Short Blades   | 7 9 13 15 18 20 22 25 | 25.0
Long Blades    | 7 9 13 15 18 20 22 25 | 25.0
Maces & Flails | 7 9 13 15 18 20 22 25 | 25.0
Polearms       | 7 9 13 15 18 20 22 25 | 25.0
Staves         | 7 9 13 15 18 20 22 25 | 25.0
Slings         | 6 8 12 14 17 18 20 23 | 23.2
Bows           | 7 9 13 15 18 20 22 24 | 24.9
Crossbows      | 7 9 13 15 18 20 22 24 | 24.9
Stealth        | 7 9 13 15 18 20 22 25 | 25.0
Shields        | 6 8 12 14 16 18 20 23 | 23.1
Unarmed Combat | 7 9 13 15 18 20 22 24 | 24.9
Conjurations   | 8 11 16 18 21 23 25 27 | 27.0
Hexes          | 5 6 9 11 13 14 16 18 | 18.3
Summonings     | 8 10 14 16 19 21 24 27 | 27.0
Necromancy     | 7 9 13 15 18 20 22 24 | 24.9
Transmutations | 5 7 10 12 14 16 17 20 | 20.0
Fire Magic     | 7 9 13 15 18 20 22 25 | 25.1
Ice Magic      | 6 8 11 13 15 17 19 21 | 21.5
Air Magic      | 8 11 16 17 21 23 25 27 | 27.0
Earth Magic    | 5 6 9 11 13 14 16 18 | 18.4
Poison Magic   | 6 8 12 14 16 18 20 23 | 23.1
Evocations     | 6 8 12 14 16 18 20 23 | 23.2

Action                   |  1- 3 |  4- 6 |  7- 9 | 10-12 | 13-15 | 16-18 | 19-21 | 22-24 | 25-27 || total
-------------------------+-------+-------+-------+-------+-------+-------+-------+-------+-------++-------
Melee: Executioner's axe |     1 |       |       |     2 |     4 |    15 |     9 |    14 |    20 ||    65
  Use: Scroll            |       |       |       |       |       |       |     1 |     1 |       ||     2
       Potion            |       |       |       |       |       |       |       |     1 |     1 ||     2
Dodge: Dodged            |       |       |       |       |       |       |     1 |     2 |     5 ||     8

Table legend: (Time is in decaauts)
 A = Elapsed time spent in this place.
 B = Non-inter-level travel time spent in this place.
 C = Inter-level travel time spent in this place.
 D = Time resting spent in this place.
 E = Time spent auto-exploring this place.
 F = Levels seen in this place.
 G = Mean time per level.
                   A        B        C        D        E       F      G
               +--------+--------+--------+--------+--------+-----+--------+
         Total |     91 |     91 |      0 |      0 |      0 |   1 |   91.0 |
       Dungeon |     91 |     91 |      0 |      0 |      0 |   1 |   91.0 |
               +--------+--------+--------+--------+--------+-----+--------+

Top non-repeatable levels by time:
       D: 91 daAuts
